 Dungeon Crawl Stone Soup version 0.27.1-34-g3ba077fa99 (webtiles) character file.

Game seed: 9974000076501585143

72 mtoz the Covered (level 4, 0/29 HPs)
             Began as a Gargoyle Fighter on Jan 6, 2022.
             Slain by an orc priest (4 damage)
             ... on level 3 of the Dungeon.
             The game lasted 00:07:06 (2683 turns).

mtoz the Covered (Gargoyle Fighter)                 Turns: 2683, Time: 00:07:06

Health: 0/29       AC: 12    Str: 20    XL:     4   Next: 25%
Magic:  4/4        EV:  7    Int:  9    God:
Gold:   62         SH:  9    Dex:  9    Spells: 3/3 levels left

rFire    . . .     SeeInvis .   a - +0 war axe
rCold    + . .     Faith    .   c - +0 kite shield
rNeg     + . .     Spirit   .   b - +0 scale mail
rPois    ∞         Reflect  .   (no helmet)
rElec    +         Harm     .   e - +1 cloak
rCorr    .         Rampage  .   (no gloves)
Will     .....                  (no boots)
Stlth    ..........             (no amulet)
HPRegen  0.09/turn              o - ring of protection from cold
MPRegen  0.09/turn              (no ring)

@: silenced
A: sickness immunity, AC +3, negative energy resistance 1, electricity
resistance, torment resistance 1, petrification resistance
a: no special abilities


You were on level 3 of the Dungeon.
You visited 1 branch of the dungeon, and saw 3 of its levels.

You collected 62 gold pieces.

Inventory:

Hand Weapons
 a - a +0 war axe (weapon)
 l - a +2 whip of electrocution
 n - a +0 flail
Armour
 b - a +0 scale mail (worn)
 c - a +0 kite shield (worn)
 e - a +1 cloak (worn)
Jewellery
 o - a ring of protection from cold (left hand)
Scrolls
 h - a scroll of vulnerability {unknown}
 k - a scroll of enchant armour
Potions
 d - a potion of might
 f - a potion of brilliance {unknown}
 g - a potion of ambrosia {unknown}
 j - 2 potions of heal wounds {unknown}
 m - 2 potions of invisibility {unknown}
 p - a potion of lignification {unknown}


   Skills:
 + Level 3.9 Fighting
 + Level 2.4 Axes
 + Level 4.0 Armour
 + Level 3.9 Shields


You had 3 spell levels left.
You didn't know any spells.
Your spell library contained the following spells:

 Spells                   Type           Power      Damage    Failure   Level
 Animate Skeleton         Necr           0%         N/A       99%         1
 Pain                     Necr           0%         1d4       99%         1
 Vampiric Draining        Necr           0%         2d6       100%        3


Dungeon Overview and Level Annotations

Branches:
Dungeon (3/15)

Altars:
Vehumet

Annotations:
D:3 exclusion: statue


Innate Abilities, Weirdness & Mutations

You are immune to sickness and miasma.
Your stone body is resilient. (AC +3)
You are immune to poison.
You resist negative energy. (rN+)
You are resistant to electric shocks. (rElec)
You are resistant to unholy torment.
You are immune to petrification.


Message History

The hobgoblin hits you but does no damage.
You closely miss the hobgoblin.
The hobgoblin is heavily wounded.
The hobgoblin hits you but does no damage. x2
You slash the hobgoblin!
You kill the hobgoblin!
No target in view!
HP restored.
You see here a hobgoblin corpse.
h - a scroll labelled UDWIWEILIZ
k - a scroll of enchant armour A frost-covered statue comes into view.
Found a radiant altar of Vehumet.
Marking area around a statue as unsafe for travelling.
You see here a +0 dagger.
There is a stone staircase leading up here.
You climb upwards.
There is a stone staircase leading down here.
There is a stone staircase leading down here.
You climb downwards.
Level annotation: exclusion: statue The orc shouts!
The orc priest shouts! x2; You hear a shout!
An orc comes into view. It is wielding a +0 hand axe.
Found 20 bolts.
There is a stone staircase leading up here.
Sorry, you're not good enough to have a special ability.
As you read the scroll of silence, it crumbles to dust.
A profound silence engulfs you.
The orc priest invokes the aid of Beogh against you.
Beogh smites you!
You hit the orc priest.
The orc priest is lightly wounded.
A hobgoblin comes into view.
The orc priest mumbles some strange prayers to Beogh against you.
Beogh smites you!
* * * LOW HITPOINT WARNING * * *
You block the orc priest's attack.
An orc comes into view. It is wielding a +0 hand axe.
The orc priest hits you with a +0 mace.
You die...

.#..o ...g
## #... #.
..o #. o. .
##.#o .
#..o# #.
#..@# #.
#.r.# #.
....... # #.
#.........
#.###
#..........
#....
#.###.......
##... #
#...#####
..... #...#
#... #...


You could see 2 orc priests, 3 orcs, a hobgoblin and a rat.

Vanquished Creatures
  An adder (D:2)
  A dart slug (D:1)
  3 ball pythons
  7 bats
  7 endoplasms
  A giant cockroach (D:1)
  6 goblins
  9 hobgoblins
  2 jackals (D:2)
  2 quokkas (D:1)
  5 frilled lizards
  8 kobolds
  2 rats (D:1)
54 creatures vanquished.

Notes
Turn   | Place    | Note
-------+----------+-------------------------------------------
     0 | D:1      | mtoz the Gargoyle Fighter began the quest for the Orb.
     0 | D:1      | Reached XP level 1. HP: 14/14 MP: 1/1
   248 | D:1      | Reached XP level 2. HP: 19/19 MP: 2/2
   861 | D:1      | Reached XP level 3. HP: 23/23 MP: 3/3
   869 | D:1      | Found a faded altar of an unknown god.
  2137 | D:2      | Reached XP level 4. HP: 3/29 MP: 4/4
  2139 | D:2      | Reached skill level 4 in Armour
  2643 | D:3      | Found a radiant altar of Vehumet.
  2643 | D:3      | Noticed a frost-covered statue
  2683 | D:3      | Slain by an orc priest

Illustrated notes

Levels and vault maps discovered:
D:1:      dpeg_arrival_snail, layout_basic, basic_ecumenical_altar,
          minmay_split_cup_large
D:2:      layout_rooms, grunt_ministairs_2, kennysheep_generic_room_11
D:3:      layout_loops_ring, nicolae_gozag_seed_capital, vehumet_statue,
          uniq_sigmund, uniq_jessica

Skill      XL: |  1  2  3  4 |
---------------+-------------+-----
Axes           | 2 |  2.4
Armour         | 4 |  4.0
Fighting       | |  3.9
Shields        | |  3.9

Action                   |  1- 3 |  4- 6 || total
-------------------------+-------+-------++-------
Melee: War axe           |   141 |    12 ||   153
  Use: Scroll            |       |     5 ||     5
Armor: Scale mail        |    82 |    11 ||    93
Dodge: Dodged            |    59 |     4 ||    63
Block: Kite shield       |    84 |    10 ||    94
